General information
- name: w
- type: Custom game
- host: darkwasp
- saver: darkwasp
map: TerenasStand
- players: 2
- length: 04:38
- speed: Fast
- version: 1.26 W3XP
- replay type: Public
» download(19 KB)
Players
team 1 (winner)
darkwasp (
orange | 114 APM | 526 actions | 04:38)
2 Blademaster
1 Wind Walk
1 Critical Strike
» actions
| Assign group hotkey | 74 | |
| Basic commands | 1 | |
| Build / train | 17 | |
| Enter build submenu | 7 | |
| Enter hero's abilities submenu | 2 | |
| Right click | 205 | |
| Select / deselect | 103 | |
| Select group hotkey | 105 | |
| Use ability | 12 | |
526 total
» units
» buildings
| Altar of Storms | 1 | |
| Orc Burrow | 3 | |
| Barracks | 1 | |
| Voodoo Lounge | 1 | |
| Stronghold | 2 | |
8 total
» build order
00:03 Altar of Storms
00:08 Orc Burrow
00:29 Barracks
01:43 Orc Burrow
02:52 Voodoo Lounge
03:14 Stronghold
04:16 Orc Burrow
» items
| Circlet of Nobility | 1 | |
| Boots of Speed | 1 | |
2 total
team 2 (loser)
GHETTo_oVERLORD (
dark-green | 151 APM | 695 actions | 04:36)
1 Archmage
1 Summon Water Elemental
» actions
| Assign group hotkey | 41 | |
| Basic commands | 66 | |
| Build / train | 20 | |
| Enter build submenu | 12 | |
| Enter hero's abilities submenu | 1 | |
| Right click | 260 | |
| Select / deselect | 154 | |
| Select group hotkey | 119 | |
| Use ability | 22 | |
695 total
» units
» buildings
| Lumber Mill | 1 | |
| Farm | 5 | |
| Altar of Kings | 1 | |
| Barracks | 1 | |
| Arcane Vault | 1 | |
9 total
» build order
00:23 Lumber Mill
00:34 Farm
00:41 Farm
01:04 Altar of Kings
01:20 Barracks
02:14 Farm
02:29 Farm
03:04 Farm
04:06 Arcane Vault
Chat log
(00:05 / All) GHETTo_oVERLORD: Just wanted to check my APM.
(02:06 / All) GHETTo_oVERLORD: Get out of my base or I'm reporting you.
(02:14 / All) darkwasp: i cant control him
(02:23 / All) GHETTo_oVERLORD: Noobface.
(02:38 / All) darkwasp: he just keeps attacking
(04:33 / All) GHETTo_oVERLORD: Yeah, gg.
(04:36 / All) GHETTo_oVERLORD: Lol.